Map: 2000 Atmospheres LE

Players

Elazer - Winner!

  • Race: Zerg Zerg

TIME (Oliveira)

  • Race: Terran Terran

VOD

Have the link to the VOD?

Description

Time

  • Played on: Feb. 4, 2022, 3:44 p.m.
  • Length: 15:27
Show
View Real Time Build Order
Export as new Build Order

Elazer Zerg - Winner!

Build Orders: Hatch First, Lurkers 

Get SALT Encoding   

  12  0:00  Drone  
  13  0:12  Overlord  
  13  0:19  Drone  
  14  0:30  Drone x2  
  16  0:48  Hatchery  
  15  0:50  Drone  
  15  0:55  Drone  
  17  0:58  Drone  
  18  1:08  Extractor  
  17  1:13  Spawning Pool  
  17  1:16  Drone  
  17  1:20  Drone  
  18  1:28  Drone  
  19  1:39  Drone  
  20  1:50  Drone  
  21  2:00  Queen x2  
  25  2:01  Zergling x4  
  27  2:11  Drone  
  27  2:12  Overlord  
  27  2:13  Metabolic Boost  
  28  2:30  Hatchery  
  28  2:32  Drone x2  
  28  2:36  Drone  
  30  2:40  Drone  
  31  2:44  Queen  
  31  2:49  Overlord  
  33  2:54  Drone  
  33  2:55  Drone  
  33  2:57  Drone  
  36  3:04  Overlord  
  36  3:08  Drone x4  
  40  3:16  Queen  
  42  3:21  Queen  
  44  3:28  Drone x2  
  44  3:29  Overlord  
  44  3:30  Zergling x2  
  47  3:36  Drone  
  47  3:41  Zergling x4  
  50  3:42  Queen  
  50  3:43  Drone x2  
  54  3:49  Drone x2  
  54  3:51  Queen  
  58  3:57  Drone x4  
  58  4:01  Overlord  
  62  4:05  Drone x3  
  64  4:10  Baneling Nest  
  64  4:13  Overlord  
  63  4:18  Drone x2  
  63  4:20  Queen  
  63  4:23  Drone x4  
  71  4:28  Queen  
  73  4:32  Spore Crawler  
  73  4:33  Spore Crawler  
  73  4:35  Drone  
  73  4:37  Zergling x2  
  73  4:38  Zergling x6  
  76  4:42  Overlord  
  76  4:46  Drone x2  
  76  4:50  Overlord  
  76  4:52  Drone x3  
  81  4:53  Spore Crawler  
  80  5:03  Overlord  
  80  5:04  Drone  
  80  5:05  Drone x8  
  80  5:06  Spore Crawler  
  88  5:11  Overlord  
  88  5:12  Lair  
  89  5:18  Extractor, Drone x2  
  89  5:19  Extractor  
  90  5:21  Drone  
  90  5:29  Drone x2  
  90  5:31  Extractor  
  90  5:32  Extractor  
  90  5:34  Extractor  
  90  5:35  Queen  
  89  5:37  Hatchery  
  89  5:38  Overlord  
  89  5:41  Zergling x12  
  96  5:49  Drone x5  
  101  5:50  Queen  
  101  5:51  Overlord  
  103  6:02  Baneling x4  
  102  6:05  Zergling x14, Baneling x6  
  109  6:12  Baneling  
  105  6:18  Overlord  
  105  6:22  Drone x7  
  105  6:25  Centrifugal Hooks  
  107  6:28  Evolution Chamber x2  
  107  6:31  Drone x5  
  108  6:38  Drone x4  
  110  6:41  Drone x2  
  110  6:44  Overlord  
  111  6:51  Hydralisk Den, Overlord  
  111  6:52  Zergling x8  
  113  6:56  Zerg Melee Weapons Level 1, Zerg Ground Armor Level 1  
  113  7:03  Overseer  
  113  7:04  Baneling  
  113  7:05  Baneling x7  
  113  7:06  Zergling x10  
  118  7:17  Overlord, Pneumatized Carapace  
  118  7:20  Burrow  
  118  7:22  Drone x9  
  127  7:28  Zergling x2  
  128  7:31  Grooved Spines, Overlord  
  128  7:34  Hydralisk x4  
  135  7:39  Baneling x3  
  135  7:41  Overseer  
  135  7:45  Extractor, Drone x3  
  135  7:46  Extractor, Spore Crawler, Drone x2  
  135  7:47  Drone  
  135  7:49  Hydralisk x2  
  142  7:51  Zergling x12  
  142  7:56  Infestation Pit  
  147  8:02  Drone x9  
  147  8:05  Drone x3  
  147  8:06  Spore Crawler, Drone  
  150  8:14  Hydralisk  
  150  8:16  Overlord x2  
  150  8:24  Hydralisk  
  150  8:25  Overlord  
  150  8:26  Overlord  
  151  8:34  Hive  
  151  8:35  Baneling x5  
  151  8:36  Zergling x12, Hatchery, Baneling x6  
  151  8:37  Zergling x2  
  157  8:45  Lurker Den  
  157  8:46  Hydralisk x4  
  165  8:48  Zergling x6  
  167  8:56  Zerg Ground Armor Level 2, Zerg Missile Weapons Level 1  
  167  9:13  Zergling x18  
  167  9:16  Drone x11  
  174  9:33  Zergling x4  
  174  9:35  Overlord x3  
  174  9:37  Muscular Augments  
  176  9:50  Spore Crawler  
  176  9:51  Spore Crawler  
  174  9:54  Hydralisk x9  
  174  9:58  Hatchery  
  174  9:59  Baneling x12  
  190  10:00  Baneling  
  190  10:05  Hatchery  
  189  10:08  Seismic Spines  
  189  10:15  Spine Crawler x2  
  175  10:31  Zergling x28  
  175  10:35  Lurker x3  
  165  10:39  Zergling x30  
  180  10:47  Hydralisk x3  
  174  10:51  Hydralisk x3  
  156  10:57  Zergling x2  
  156  10:58  Zergling x12  
  156  11:02  Hydralisk  
  133  11:04  Queen x3  
  133  11:05  Adaptive Talons  
  133  11:07  Hydralisk  
  133  11:08  Hydralisk  
  133  11:10  Hydralisk  
  128  11:12  Hydralisk  
  128  11:14  Lurker  
  128  11:15  Lurker  
  132  11:19  Lurker x4  
  132  11:21  Overseer  
  136  11:26  Lurker x3  
  139  11:34  Lurker x3  
  142  11:43  Hydralisk x7  
  151  11:51  Viper  
  154  11:56  Overseer  
  154  12:00  Hydralisk x5  
  161  12:07  Overseer  
  160  12:19  Lurker x3  
  160  12:21  Zergling x16  
  160  12:22  Zergling x18  
  177  12:35  Zergling x12  
  179  12:39  Lurker x4  
  181  12:48  Zergling x10  
  181  13:00  Hydralisk x5, Zerg Missile Weapons Level 2  
  161  13:21  Hydralisk x9  
  161  13:24  Overseer  
  172  13:28  Zergling x18  
  172  13:40  Zergling x14  
  177  13:44  Hatchery  
  169  13:50  Zergling x10  
  169  13:53  Lurker x4  
  172  14:00  Zergling x4  
  172  14:01  Zergling x4  
  169  14:08  Hydralisk x3  
  170  14:17  Overseer, Drone x3  
  170  14:22  Lurker x2  
  170  14:23  Lurker  
  169  14:43  Hydralisk x6  
  169  14:44  Hydralisk x4  
  162  14:50  Hydralisk x2  
  136  14:58  Hydralisk x4  
  138  15:06  Drone  
  138  15:07  Drone  
Show
View Real Time Build Order
Export as new Build Order

TIME Terran 

Build Orders: Liberator Opening, Reaper Expand 

Get SALT Encoding   

  12  0:00  SCV  
  13  0:12  SCV  
  14  0:17  Supply Depot  
  14  0:25  SCV  
  15  0:38  SCV  
  15  0:40  Barracks  
  16  0:43  Refinery  
  16  0:50  SCV  
  17  1:03  SCV  
  18  1:15  SCV  
  19  1:27  Reaper, Orbital Command  
  20  1:39  Command Center  
  20  1:47  Supply Depot  
  20  1:53  SCV  
  21  1:59  Marine  
  22  2:05  SCV  
  23  2:11  Factory  
  23  2:16  Refinery  
  23  2:17  SCV  
  23  2:21  Barracks Reactor  
  24  2:29  SCV  
  25  2:41  SCV  
  26  2:52  Orbital Command  
  26  2:53  SCV  
  26  2:58  Starport  
  27  3:03  Marine, Hellion x2  
  32  3:06  SCV  
  33  3:17  SCV  
  33  3:18  SCV  
  35  3:22  Supply Depot  
  35  3:23  Barracks Tech Lab  
  35  3:24  Hellion x2  
  39  3:29  SCV  
  39  3:30  SCV  
  41  3:35  Liberator  
  44  3:41  SCV  
  44  3:42  SCV  
  44  3:43  Stimpack  
  44  3:44  Marine  
  44  3:46  Supply Depot  
  49  3:48  Hellion  
  49  3:51  Hellion  
  49  3:54  SCV x2  
  53  4:02  Marine  
  54  4:08  SCV  
  54  4:09  Command Center  
  55  4:16  SCV  
  56  4:19  Marine  
  56  4:22  Factory Reactor  
  57  4:25  Barracks  
  57  4:26  Starport Reactor  
  57  4:28  SCV x2  
  57  4:30  Barracks  
  59  4:32  Supply Depot  
  59  4:37  Marine  
  60  4:40  SCV x2  
  62  4:53  SCV  
  62  4:55  Marine  
  62  4:56  Refinery  
  62  4:57  Refinery, Supply Depot  
  64  5:02  SCV  
  64  5:03  Medivac x2  
  64  5:05  Armory  
  69  5:08  SCV  
  70  5:19  Marine x3, Hellion  
  70  5:21  SCV  
  76  5:22  Orbital Command  
  76  5:25  Marine x2  
  76  5:27  Combat Shield  
  78  5:29  SCV  
  78  5:33  SCV  
  80  5:36  Marine x2  
  80  5:39  Marine  
  80  5:40  Factory  
  80  5:41  SCV  
  84  5:42  Marine, Factory Tech Lab  
  84  5:44  Starport Reactor  
  84  5:46  Orbital Command  
  84  5:47  SCV  
  86  5:55  Supply Depot  
  86  5:56  Marine  
  87  5:57  Supply Depot  
  87  5:58  Marine  
  87  6:02  Engineering Bay  
  87  6:03  Engineering Bay  
  88  6:04  Marine  
  88  6:05  Drilling Claws, Siege Tank  
  88  6:09  Marine  
  93  6:17  Marine, SCV  
  94  6:22  Marine  
  94  6:24  SCV  
  89  6:26  Marine  
  89  6:27  Widow Mine x2  
  89  6:28  SCV  
  89  6:31  Medivac x2  
  89  6:32  Marine x2  
  99  6:33  Terran Infantry Weapons Level 1  
  99  6:34  SCV  
  99  6:36  SCV  
  99  6:37  Marine  
  95  6:41  Marine  
  95  6:43  SCV, Widow Mine  
  95  6:46  SCV  
  100  6:47  Marine  
  100  6:48  Supply Depot  
  100  6:50  Marine  
  100  6:52  Terran Infantry Armor Level 1  
  100  6:53  SCV  
  103  6:58  Widow Mine x2  
  103  6:59  SCV  
  108  7:05  SCV  
  108  7:08  Barracks x2  
  109  7:10  Marine, Supply Depot, Widow Mine  
  109  7:11  Supply Depot  
  109  7:12  Marine  
  109  7:14  Marine  
  114  7:17  SCV x2  
  114  7:22  Terran Vehicle Weapons Level 1  
  116  7:25  SCV  
  116  7:27  Refinery  
  117  7:32  Widow Mine x3  
  117  7:33  Marine  
  117  7:34  Marine x2, Marauder  
  117  7:35  SCV  
  117  7:36  Supply Depot  
  129  7:37  Supply Depot  
  129  7:38  Marine  
  129  7:42  Medivac  
  132  7:46  SCV  
  133  7:53  Command Center  
  133  7:58  Medivac, Marine, SCV x2, Widow Mine x2  
  141  7:59  Marine x2  
  141  8:00  Barracks Tech Lab x2, Supply Depot  
  141  8:02  Barracks Reactor x2  
  141  8:03  Marine  
  141  8:04  Supply Depot  
  141  8:05  SCV, Widow Mine  
  142  8:06  Marine  
  142  8:10  SCV x2  
  142  8:12  Refinery  
  143  8:14  Supply Depot  
  143  8:16  Marine x2  
  145  8:21  Marine x2  
  145  8:22  Widow Mine  
  145  8:25  Medivac, Marine, Widow Mine  
  151  8:27  SCV x2  
  151  8:30  Terran Infantry Weapons Level 2, Siege Tank  
  151  8:33  SCV  
  155  8:34  Marine x2  
  155  8:37  Supply Depot  
  155  8:39  Marine x2  
  155  8:40  Medivac  
  161  8:41  SCV  
  161  8:45  Widow Mine  
  164  8:49  Marine  
  164  8:50  Marine  
  164  8:53  Marine, Terran Infantry Armor Level 2  
  165  8:55  Marine  
  165  8:57  Widow Mine  
  165  8:58  Medivac  
  165  9:02  Marine  
  171  9:06  Marine  
  171  9:09  Siege Tank, Widow Mine  
  177  9:10  Marine  
  177  9:17  Marine x2, Medivac  
  178  9:20  Terran Vehicle Weapons Level 2  
  174  9:25  Barracks  
  174  9:26  Barracks  
  174  9:28  Barracks  
  162  9:31  Marine x2  
  162  9:34  SCV  
  162  9:35  SCV  
  162  9:36  Marine  
  162  9:38  Sensor Tower  
  167  9:39  Widow Mine x2  
  167  9:40  Marine x2  
  167  9:41  Marauder  
  176  9:52  SCV  
  176  9:56  Marine x2  
  176  9:57  Missile Turret  
  175  10:00  Siege Tank  
  175  10:02  Planetary Fortress  
  175  10:06  Marine x2, Command Center  
  180  10:07  Widow Mine  
  180  10:08  Widow Mine  
  180  10:10  Marine, Marauder  
  180  10:11  Marine x2  
  189  10:18  SCV  
  190  10:25  Marine x2  
  190  10:27  Barracks Tech Lab x2  
  181  10:33  Marine x3, Barracks Tech Lab  
  181  10:34  Marine x2  
  186  10:37  Marine x2  
  186  10:38  Siege Tank  
  186  10:39  Widow Mine  
  193  10:47  Marine  
  189  10:52  Marine  
  189  10:57  Marine x4, Marauder  
  173  10:58  Medivac, Widow Mine  
  173  10:59  Medivac  
  173  11:01  Marine  
  173  11:02  Marine  
  158  11:08  Marine x2  
  158  11:09  Marine x2  
  158  11:10  Widow Mine  
  151  11:11  Terran Infantry Weapons Level 3, Terran Infantry Armor Level 3  
  151  11:12  Marine  
  151  11:15  Marine  
  151  11:16  SCV x2  
  154  11:19  Marauder  
  154  11:24  Refinery  
  154  11:25  Marine x2  
  158  11:26  Marine, Marauder  
  158  11:27  Command Center, Marauder  
  163  11:33  Ghost Academy  
  163  11:42  Liberator x2  
  163  11:43  Siege Tank  
  165  11:49  SCV x2  
  166  11:58  Widow Mine x2  
  168  12:02  Ghost x4  
  168  12:06  Missile Turret  
  173  12:10  Missile Turret  
  173  12:15  Planetary Fortress  
  171  12:26  Widow Mine  
  171  12:27  Liberator, Widow Mine x2  
  173  12:30  Ghost x2  
  173  12:32  Ghost  
  173  12:35  SCV x2  
  173  12:36  Refinery  
  177  12:43  Ghost  
  173  12:45  SCV  
  173  12:51  SCV  
  167  13:00  Ghost x2  
  167  13:04  SCV  
  171  13:06  Ghost  
  171  13:08  Widow Mine x3  
  167  13:20  Marine x2  
  167  13:21  Marine  
  167  13:22  Ghost  
  167  13:25  Marine  
  151  13:27  Marine  
  151  13:28  Marine  
  151  13:29  Ghost  
  151  13:30  Marine, Ghost  
  151  13:31  Marine  
  151  13:33  SCV x2  
  151  13:34  SCV  
  151  13:35  Marine  
  151  13:37  Personal Cloaking  
  151  13:38  Marine  
  147  13:42  Marine x2  
  147  13:43  SCV  
  144  13:51  SCV, Marauder  
  144  13:52  SCV x2  
  144  13:53  Marauder  
  141  13:56  Marine x2  
  141  13:57  SCV  
  141  13:58  Marauder  
  141  13:59  Marauder  
  141  14:00  Supply Depot  
  141  14:02  Orbital Command  
  135  14:08  Marine x3  
  135  14:12  Marine x3, Ghost  
  135  14:13  Missile Turret  
  135  14:14  Liberator x2, Ghost  
  135  14:15  SCV x2, Orbital Command  
  145  14:18  SCV  
  145  14:22  Missile Turret, Widow Mine x2  
  150  14:27  Supply Depot  
  150  14:30  Ghost  
  107  14:54  Marauder x2  
  107  14:55  SCV  
  107  14:58  Marine x4  
  115  15:06  Marine  
  115  15:13  SCV  
Tags
 
Add a new tag
Caveats
  • Supply blocks, unpowered buildings, or Contaminate may cause inaccurate times.
  • Supply counts are checked every 10 seconds.